 Dungeon Crawl Stone Soup version 0.19-a0-1866-ge6f2195 (webtiles) character file.

488 zxpr0jk the Ducker (level 6, 0/44 HPs)
             Began as a Vampire Gladiator on Oct 12, 2016.
             Killed by nerve-wracking pain
             ... invoked by a shadow imp
              (8 damage)
             ... in a sewer.
             The game lasted 00:06:07 (2041 turns).

zxpr0jk the Ducker (Vampire Gladiator)              Turns: 2041, Time: 00:06:07

Health: 0/44       AC: 11    Str: 14      XL:     6   Next: 90%
Magic:  6/6        EV:  8    Int: 10      God:
Gold:   115        SH:  0    Dex: 16 (17) Spells: 0 memorised, 5 levels left

rFire  . . .     SeeInvis +     a - +0 long sword
rCold  . . .     Gourm    .     b - +0 chain mail
rNeg   . . .     Faith    .     (no shield)
rPois  .         Spirit   .     c - +0 helmet
rElec  .         Dismiss  .     o - +0 cloak
rCorr  .         Reflect  .     (no gloves)
MR     .....     Harm     .     (no boots)
Stlth  ..........               (no amulet)
                                (no ring)
                                u - ring of wizardry

@: lethally poisoned (0 -> -1), regenerating quickly
A: fangs 3, see invisible, unbreathing
a: no special abilities


You were in a sewer.
You were almost alive.

You visited 1 branch of the dungeon, and saw 3 of its levels.
You also visited: Sewer.

You collected 115 gold pieces.

Inventory:

Hand Weapons
 a - a +0 long sword (weapon)
Missiles
 d - 3 throwing nets (quivered)
Armour
 b - a +0 chain mail (worn)
 c - a +0 helmet (worn)
 o - a +0 cloak (worn)
Jewellery
 u - a ring of wizardry (left hand)
Wands
 q - a wand of polymorph (1/24)
 t - a wand of acid (2/15)
 w - a wand of acid (4/15)
Scrolls
 f - a scroll of random uselessness {unknown}
 g - 2 scrolls of remove curse {unknown}
 h - 2 scrolls of amnesia {unknown}
 i - 2 scrolls of identify {unknown}
 j - a scroll of teleportation {unknown}
 k - 2 scrolls of magic mapping {unknown}
 l - a scroll of noise {unknown}
 m - 2 scrolls of blinking {unknown}
 n - a scroll of enchant armour {unknown}
 p - a scroll of recharging {unknown}
Potions
 e - a potion of blood
 r - a potion of curing
 s - 2 potions of heal wounds {unknown}
 v - 3 potions of flight {unknown}
 x - a potion of might {unknown}


   Skills:
 - Level 1.7 Fighting
 + Level 4.9 Long Blades
 - Level 1.5 Throwing
 * Level 3.9 Armour
 + Level 5.0 Dodging


You had 5 spell levels left.
You didn't know any spells.

Dungeon Overview and Level Annotations

Branches:
Dungeon (3/15)

Altars:

Annotations:
Sewer Grinder


Innate Abilities, Weirdness & Mutations

Your natural rate of healing is unusually fast.
You have razor-sharp teeth.
You have supernaturally acute eyesight. (SInv)
You can survive without breathing.


Message History

Unknown command.
Evoke which item? (* to show all) (? for menu, Esc to quit)
Zapping:
q - a wand of polymorph {zapped: 17} (will waste charges)
Press: ? - help, Shift-Dir - straight line, f/p - Grinder
Aim: Grinder the shadow demon (lightly wounded, chance to defeat MR: 1%)
Okay, then.
Unknown command.
You feel sick. Grinder hits you!
* * * LOW HITPOINT WARNING * * *
You see here a poisoned needle.
Grinder gestures.
You feel sick. The shadow imp gestures at you. Pain shoots through your body!
* * * LOW HITPOINT WARNING * * *
There is an open gate here.
The shadow imp summons a swarm of flies.
The shadow imp gestures at you. Pain shoots through your body!
You die...

###...##.)§..##...###
###...≈.'(......'§§§.$##
#∩....≈.'.§._.§J'w≈§.$?∩
###...≈.'.))...(')§..?#
###...##.§.Z.##...###
#######.l5## ####
##'''## #..§§§# #.≈§≈@#
#..§§§# ##...## #.[.#
##.## #∩# ###


You could see a shadow imp, a big kobold zombie and a leopard gecko.

Vanquished Creatures
  An ice beast (D:3)
  2 big kobolds (Sewer)
  A quasit (Sewer)
  2 big kobold zombies (Sewer)
  6 adders
  2 shadow imps (Sewer)
  3 ufetubi (Sewer)
  4 worms
  A dart slug (D:2)
  An orc (D:3)
  12 bats
  A bat zombie (Sewer)
  7 giant cockroaches
  3 goblins
  10 hobgoblins
  8 jackals
  2 frilled lizards
  22 kobolds
  2 kobold zombies (Sewer)
  6 rats
96 creatures vanquished.

Vanquished Creatures (others)
  2 giant cockroach zombies (Sewer)
2 creatures vanquished.

Grand Total: 98 creatures vanquished

Notes
Turn   | Place    | Note
-------+----------+-------------------------------------------
     0 | D:1      | zxpr0jk the Vampire Gladiator began the quest for the Orb.
     0 | D:1      | Reached XP level 1. HP: 16/16 MP: 1/1
   196 | D:1      | Reached XP level 2. HP: 19/22 MP: 2/2
   235 | D:1      | Reached skill level 1 in Armour
   679 | D:2      | Reached XP level 3. HP: 25/27 MP: 3/3
  1252 | D:3      | Reached XP level 4. HP: 27/33 MP: 4/4
  1323 | D:3      | Reached skill level 4 in Dodging
  1480 | D:3      | Noticed an ice beast
  1490 | D:3      | Killed an ice beast
  1490 | D:3      | Reached XP level 5. HP: 13/38 MP: 5/5
  1569 | D:3      | Found a glowing drain.
  1643 | Sewer    | Entered a sewer
  1799 | Sewer    | Found a burning altar of Makhleb.
  1813 | Sewer    | Reached XP level 6. HP: 41/44 MP: 6/6
  1949 | Sewer    | Reached skill level 5 in Dodging
  2026 | Sewer    | Noticed Grinder
  2030 | Sewer    | Noticed Grinder
  2030 | Sewer    | Grinder changed into Grinder the shadow demon
  2041 | Sewer    | Killed from afar by a shadow imp

Vault maps used:
D:1:      matt_arrival_refuge, due_unseen_surprise
D:3:      gup_sewer_entry_glass
Sewer:    kennysheep_sewer_church

Skill      XL: |  1  2  3  4  5  6 |
---------------+-------------------+-----
Armour         | 1 2 3 |  3.9
Dodging        | 4 5 |  5.0
Long Blades    | 4 |  4.9
Fighting       | |  1.7
Throwing       | |  1.5

Action                   |  1- 3 |  4- 6 || total
-------------------------+-------+-------++-------
Melee: Long sword        |   102 |   253 ||   355
       Bite              |     8 |    35 ||    43
Evoke: Wand              |       |     7 ||     7
  Use: Potion            |       |     2 ||     2
  Eat: Corpse            |     5 |    13 ||    18
Armor: Ring mail         |     1 |       ||     1
       Chain mail        |    66 |   238 ||   304
Dodge: Dodged            |    47 |   162 ||   209
       Rpst.: Long sword |    20 |    45 ||    65
